 Dungeon Crawl Stone Soup version 0.28-a0-811-g00180f5fcc (webtiles) character file.

Game seed: 3578229732064641870

66 Decritt the Gusty (level 4, -4/25 HPs)
             Began as a Tengu Air Elementalist on Nov 8, 2021.
             Slain by a river rat (5 damage)
             ... on level 3 of the Dungeon.
             The game lasted 00:04:27 (2423 turns).

Decritt the Gusty (Tengu Air Elementalist)          Turns: 2423, Time: 00:04:27

Health: -4/25      AC:  2    Str:  9    XL:     4   Next: 15%
Magic:  4/8        EV: 12    Int: 16    God:
Gold:   54         SH:  0    Dex: 14    Spells: 6/7 levels left

rFire   . . .      SeeInvis .   c - +0 dagger (elec)
rCold   . . .      Faith    .   (no shield)
rNeg    . . .      Spirit   .   a - +0 robe
rPois   .          Reflect  .   (helmet restricted)
rElec   .          Harm     .   (no cloak)
rCorr   .          Rampage  .   (no gloves)
Will    .....                   (boots unavailable)
Stlth   ++........              (no amulet)
HPRegen 0.08/turn               (no ring)
MPRegen 0.11/turn               (no ring)

@: no status effects
A: beak, talons 3
a: no special abilities


You were on level 3 of the Dungeon.
You visited 1 branch of the dungeon, and saw 3 of its levels.

You collected 54 gold pieces.

Inventory:

Hand Weapons
 c - a +0 dagger of electrocution (weapon)
Missiles
 g - 2 throwing nets
Armour
 a - a +0 robe (worn)
 h - a +1 ring mail
Potions
 b - a potion of might {unknown}
 e - a potion of curing
 f - a potion of resistance {unknown}
 i - 2 potions of brilliance {unknown}
 m - a potion of flight


   Skills:
 + Level 1.4 Fighting
 - Level 2.1 Dodging
 - Level 2.0 Stealth
 - Level 2.0 Spellcasting
 - Level 3.0 Conjurations
 + Level 5.3 Air Magic


You had 6 spell levels left.
You knew the following spells:

 Your Spells              Type           Power      Damage    Failure   Level
a - Shock                 Conj/Air       60%        1d6       3%          1

Your spell library contained the following spells:

 Spells                   Type           Power      Damage    Failure   Level
 Static Discharge         Conj/Air       15%        N/A       5%          2
 Swiftness                Air            18%        N/A       7%          3
 Corpse Rot               Necr/Air       20%        N/A       11%         2
 Poisonous Vapours        Pois/Air       20%        N/A       11%         2
 Airstrike                Air            9%         N/A       22%         4


Dungeon Overview and Level Annotations

Branches:
Dungeon (3/15)

Altars:


Innate Abilities, Weirdness & Mutations

You have a beak for a mouth.
You have claws for feet.


Message History

The quokka splashes around in the water.
The river rat bites you.
Casting: Shock (safe; 3% risk of failure)
Confirm with . or Enter, or press ? or * to list all spells.
Aiming: Shock (safe; 3% risk of failure)
Press: ? - help, Shift-Dir - straight line The zap misses the quokka.
The zap hits the quokka but does no damage.
The quokka twitches its whiskers.
The quokka barely misses you. The river rat bites you!
* * * LOW HITPOINT WARNING * * *
The quokka bites you.
* * * LOW HITPOINT WARNING * * *
There is an open door here.
Casting: Shock (safe; 3% risk of failure)
Confirm with . or Enter, or press ? or * to list all spells.
Aiming: Shock (safe; 3% risk of failure)
Press: ? - help, Shift-Dir - straight line The zap hits the river rat.
The river rat is moderately wounded.
The zap hits the quokka.
The quokka is lightly wounded.
The zap hits the quokka.
The quokka is almost dead.
The river rat closely misses you.
Casting: Shock (safe; 3% risk of failure)
Confirm with . or Enter, or press ? or * to list all spells.
Aiming: Shock (safe; 3% risk of failure)
Press: ? - help, Shift-Dir - straight line The zap misses the river rat.
The zap hits the quokka.
You kill the quokka!
The river rat barely misses you.
Casting: Shock (safe; 3% risk of failure)
Confirm with . or Enter, or press ? or * to list all spells.
Aiming: Shock (safe; 3% risk of failure)
Press: ? - help, Shift-Dir - straight line The zap hits the river rat.
The river rat is heavily wounded.
The river rat bites you.
You die...

#....#
...#..^..w........
#.
......####....#.# #
... ....# ...## #
#### ..# ### ....
...# ...# #.#
###≈≈##+?. ...#
#.## #.# +≈≈≈≈≈≈#.#
..## #.# #.#
+≈≈≈≈†r#.# #.#
#†####.# ###≈≈##@.#
...†...###.####..##
.####...........##
> #....######## .
###### . . .


You could see a river rat.

Vanquished Creatures
  2 adders
  4 dart slugs
  An orc (D:3)
  4 ball pythons
  2 endoplasms
  5 goblins
  5 hobgoblins
  3 kobolds
  4 quokkas
  2 bats
  4 frilled lizards
  2 rats (D:1)
38 creatures vanquished.

Vanquished Creatures (others)
  A plant (D:1)
1 creature vanquished.

Grand Total: 39 creatures vanquished

Notes
Turn   | Place    | Note
-------+----------+-------------------------------------------
     0 | D:1      | Decritt the Tengu Air Elementalist began the quest for the
                  | Orb.
     0 | D:1      | Reached XP level 1. HP: 10/10 MP: 4/4
   290 | D:1      | Reached XP level 2. HP: 15/15 MP: 3/6
   825 | D:1      | Reached XP level 3. HP: 19/19 MP: 5/7
  1087 | D:1      | Found a faded altar of an unknown god.
  1565 | D:2      | Reached skill level 5 in Air Magic
  2041 | D:3      | Reached skill level 1 in Fighting
  2248 | D:3      | Reached XP level 4. HP: 5/25 MP: 4/8
  2419 | D:3      | HP: 1/25 [quokka (5)]
  2423 | D:3      | Slain by a river rat

Illustrated notes

Levels and vault maps discovered:
D:1:      tarquinn_simple_flora_water_c, layout_loops_cross,
          shapermc_ecumenical_altar_petra, st_stairs_1
D:2:      layout_loops_ring, serial_forest, infiniplex_forest_clump_C,
          infiniplex_forest_corner_1, infiniplex_forest_end_2,
          infiniplex_forest_end_2, infiniplex_forest_lined_2,
          infiniplex_forest_straight_4, infiniplex_forest_lined_1,
          infiniplex_forest_end_2
D:3:      layout_rooms, gup_sewer_entry_bowl

Skill      XL: |  1  2  3 |
---------------+----------+-----
Conjurations   | 2 3 |  3.0
Air Magic      | 5 |  5.3
Fighting       | 1 |  1.4
Dodging        | |  2.1
Stealth        | |  2.0
Spellcasting   | |  2.0

Action                   |  1- 3 |  4- 6 || total
-------------------------+-------+-------++-------
Melee: Dagger            |    54 |     7 ||    61
       Kick              |     3 |       ||     3
       Unarmed           |     1 |       ||     1
       Peck              |     5 |     1 ||     6
 Cast: Shock             |    61 |     4 ||    65
  Use: Scroll            |     6 |       ||     6
       Potion            |     1 |     1 ||     2
 Stab: Sleeping          |     1 |       ||     1
Armor: Robe              |     9 |     1 ||    10
Dodge: Dodged            |    30 |     9 ||    39

Table legend: (Time is in decaauts)
 A = Elapsed time spent in this place.
 B = Non-inter-level travel time spent in this place.
 C = Inter-level travel time spent in this place.
 D = Time resting spent in this place.
 E = Time spent auto-exploring this place.
 F = Levels seen in this place.
 G = Mean time per level.
                   A        B        C        D        E       F      G
               +--------+--------+--------+--------+--------+-----+--------+
         Total |   2423 |   2343 |     80 |    188 |   1866 |   3 |  807.7 |
       Dungeon |   2423 |   2343 |     80 |    188 |   1866 |   3 |  807.7 |
               +--------+--------+--------+--------+--------+-----+--------+

Top non-repeatable levels by time:
     D:1: 1154 daAuts
     D:2: 829 daAuts
     D:3: 439 daAuts
